 Dungeon Crawl Stone Soup version 0.23.1 (webtiles) character file.

Game seed: 12564389761876605110

5085 Anandil the Nimble (level 10, -2/82 HPs)
             Began as a Gnoll Monk on Mar 11, 2019.
             Was a Believer of Ashenzari.
             Slain by a wyvern (14 damage)
             ... on level 9 of the Dungeon.
             The game lasted 00:18:14 (7580 turns).

Anandil the Nimble (Gnoll Monk)                     Turns: 7580, Time: 00:18:14

Health: -2/82      AC:  9    Str: 14    XL:     10   Next: 57%
Magic:  17/17      EV: 14    Int: 16    God:    Ashenzari [**....]
Gold:   24         SH:  0    Dex: 17    Spells: 17/19 levels left

rFire    + + .     SeeInvis .   N - +3 long sword of Porirymp {slice, rF++ rN+ MR- Stlth+}
rCold    . . .     Gourm    .   (no shield)
rNeg     + + .     Faith    .   w - +0 scale mail {MR+} (curse)
rPois    +         Spirit   .   (no helmet)
rElec    .         Reflect  .   (no cloak)
rCorr    +         Harm     .   A - +0 pair of gloves
MR       +....                  y - +0 pair of boots of Contentment {rPois Regen+ rCorr} (curse)
Stlth    +++.......             t - amulet of rage
HPRegen  0.63/turn              a - ring of the Establishment {rN+ MR+} (curse)
MPRegen  0.15/turn              (no ring)

@: no status effects
A: distributed training, fangs 1, strong nose
a: Curse Item, Scrying, Renounce Religion, Evoke Berserk Rage


You were on level 9 of the Dungeon.
You worshipped Ashenzari.
Ashenzari was pleased with you.
You were not hungry.

You visited 2 branches of the dungeon, and saw 10 of its levels.
You also visited: Bailey.

You collected 472 gold pieces.
You spent 448 gold pieces at shops.

Inventory:

Hand Weapons
 b - a +0 blowgun
 m - a +0 long sword of draining
 C - a +1 falchion of flaming
 I - a +2 halberd of electrocution
 N - the +3 long sword of Porirymp (weapon) {slice, rF++ rN+ MR- Stlth+}
   (You found it on level 8 of the Dungeon)

   It inflicts extra damage upon your enemies.
   It greatly protects you from fire.
   It protects you from negative energy.
   It affects your resistance to hostile enchantments.
   It makes you more stealthy.
Missiles
 e - 68 tomahawks of returning (quivered)
 s - 26 poisoned needles
 E - 2 poisoned tomahawks
Armour
 w - a cursed +0 scale mail of magic resistance (worn)
 y - the cursed +0 pair of boots of Contentment (worn) {rPois Regen+ rCorr}
   (You found it on level 4 of the Dungeon)

   It protects you from poison.
   It increases your rate of regeneration.
   It provides partial protection from all sources of acid and corrosion.
   It has a curse placed upon it.
 A - a +0 pair of gloves (worn)
Jewellery
 a - the cursed ring of the Establishment (left hand) {rN+ MR+}
   (You bought it in a shop on level 6 of the Dungeon)

   [ring of positive energy]

   It protects you from negative energy.
   It affects your resistance to hostile enchantments.
   It has a curse placed upon it.
 k - an uncursed ring of flight
 t - an amulet of rage (around neck)
 M - a +4 ring of intelligence
Wands
 u - a wand of iceblast (4)
Scrolls
 d - 3 scrolls of enchant armour {unknown}
 f - 3 scrolls of immolation
 g - 5 scrolls of teleportation {unknown}
 n - a scroll of magic mapping {unknown}
 v - 2 scrolls of noise {unknown}
 x - 2 scrolls of amnesia {unknown}
 z - 3 scrolls of blinking
 F - a scroll of enchant weapon
 J - a scroll of acquirement {unknown}
 L - 2 scrolls of identify
Potions
 h - 2 potions of ambrosia
 i - 3 potions of brilliance
 j - a potion of lignification
 l - 3 potions of agility
 q - 6 potions of curing
 r - 2 potions of flight
 B - 2 potions of magic {unknown}
 D - a potion of haste
 G - 2 potions of might
 H - 3 potions of mutation {unknown}
Comestibles
 c - 16 rations
 p - 2 chunks of flesh


   Skills:
 + Level 8.5 Fighting
 + Level 5.3 Short Blades
 + Level 8.5 Long Blades
 + Level 5.3 Axes
 + Level 5.3 Maces & Flails
 + Level 5.3 Polearms
 + Level 5.3 Staves
 + Level 5.3 Slings
 + Level 5.3 Bows
 + Level 5.3 Crossbows
 + Level 5.3 Throwing
 + Level 5.3 Armour
 + Level 8.5 Dodging
 + Level 6.8 Stealth
 + Level 5.3 Shields
 + Level 5.3 Unarmed Combat
 + Level 5.3 Spellcasting
 + Level 4.3 Conjurations
 + Level 4.3 Hexes
 + Level 4.3 Charms
 + Level 4.3 Summonings
 + Level 4.3 Necromancy
 + Level 4.3 Translocations
 + Level 4.3 Transmutations
 + Level 4.3 Fire Magic
 + Level 4.3 Ice Magic
 + Level 4.3 Air Magic
 + Level 4.3 Earth Magic
 + Level 4.3 Poison Magic
 + Level 5.8 Invocations
 + Level 5.3 Evocations


You had 17 spell levels left.
You knew the following spells:

 Your Spells              Type           Power        Failure   Level  Hunger
a - Ensorcelled Hibernat  Hex/Ice        ###...       14%         2    #......

Your spell library contained the following spells:

 Spells                   Type           Power        Failure   Level  Hunger
 Corona                   Hex            ###....      10%         1    None
 Confuse                  Hex            ###.....     28%         3    ###....
 Dazzling Spray           Conj/Hex       ###...       28%         3    ###....
 Tukima's Dance           Hex            ###.....     28%         3    ###....


Dungeon Overview and Level Annotations

Branches:
Dungeon (9/15)             Temple (1/1) D:6
   Lair: D:8-11         Orc: D:9-12

Altars:
Ashenzari
Cheibriados
Dithmenos
Elyvilon
Fedhas
Gozag
Hepliaklqana
Kikubaaqudgha
Makhleb
Nemelex Xobeh
Okawaru
Qazlal
Ru
Sif Muna
Trog
Uskayaw
Vehumet
Wu Jian
Xom
Yredelemnul
Zin
The Shining One

Shops:
D:6 =   D:7 ?


Innate Abilities, Weirdness & Mutations

Your experience applies equally to all skills.
You have very sharp teeth.
Your uncanny sense of smell can sniff out nearby items.


Message History

The wyvern is heavily wounded.
The wyvern bites you but does no damage. x2
You completely miss the wyvern.
The wyvern is heavily wounded.
The wyvern barely misses you.
You slash the wyvern! You bite the wyvern, but do no damage.
The wyvern is severely wounded.
The wyvern bites you!
* * * LOW HITPOINT WARNING * * *
The wyvern bites you!
* * * LOW HITPOINT WARNING * * *
You hit the wyvern but do no damage. Your bite misses the wyvern.
The wyvern is severely wounded.
The wyvern barely misses you.
You riposte.
You hit the wyvern. You bite the wyvern, but do no damage.
The wyvern is almost dead.
You feel better. The wyvern bites you!
* * * LOW HITPOINT WARNING * * *
The wyvern bites you!
You die...

, #.#####.#.####..♣.#∆ , ,
#................? *** *
######.#......#*
#......##....##
#########.#..........#∆ ,
#.......#.....##)#...# ∆*
.<......#...#.##)#l......#*
,
≈≈≈≈≈...#...#.##l#...#.###
,
≈≈≈≈≈...#...#..#@#...#...,
≈≈≈≈....#........#...#*###
...............###.#.#*
#..........##### #....,
#####..........* #..... , ,
, ##....#........#
#.....#........#
#.....#...(#####* ,,∆
...##.#..(.+


You could see a wyvern.

Vanquished Creatures
  A two-headed ogre (D:8)
  A troll (D:9)
  A wind drake (shapeshifter) (D:9)
  Grinder (D:6)
  A vampire (D:9)
  A hungry ghost (D:7)
  Edmund (D:4)
  A water moccasin (D:9)
  3 sky beasts
  5 orc warriors
  An ogre (D:9)
  2 centaurs
  3 big kobolds
  4 bullfrogs
  A wyvern zombie (D:9)
  2 scorpions
  6 killer bees (D:9)
  2 howler monkeys
  A bullfrog zombie (D:8)
  2 jellies (D:8)
  A crimson imp (D:9)
  A quasit (D:7)
  6 orc priests
  5 bullfrog skeletons
  A centaur skeleton (D:8)
  2 hounds
  6 orc wizards
  6 worker ants
  Ijyb (D:3)
  An iguana (D:5)
  Terence (D:3)
  A killer bee zombie (D:7)
  2 hound skeletons
  13 gnolls (Bailey)
  8 adders
  3 shadow imps
  3 oozes
  2 adder skeletons
  2 worms
  3 dart slugs
  7 leopard geckos
  29 orcs
  7 giant cockroaches
  12 goblins
  16 hobgoblins
  2 jackals (D:2)
  2 quokkas
  4 ball pythons
  8 bats
  4 frilled lizards
  17 kobolds
  9 rats
225 creatures vanquished.

Notes
Turn   | Place    | Note
-------+----------+-------------------------------------------
     0 | D:1      | Anandil the Gnoll Monk began the quest for the Orb.
     0 | D:1      | Reached XP level 1. HP: 23/23 MP: 1/1
    17 | D:1      | Reached XP level 2. HP: 25/29 MP: 2/2
   389 | D:1      | Reached XP level 3. HP: 35/35 MP: 3/3
   905 | D:2      | Reached skill level 1 in Short Blades
   905 | D:2      | Reached skill level 1 in Axes
   905 | D:2      | Reached skill level 1 in Maces & Flails
   905 | D:2      | Reached skill level 1 in Polearms
   905 | D:2      | Reached skill level 1 in Staves
   905 | D:2      | Reached skill level 1 in Slings
   905 | D:2      | Reached skill level 1 in Bows
   905 | D:2      | Reached skill level 1 in Crossbows
   905 | D:2      | Reached skill level 1 in Throwing
   905 | D:2      | Reached skill level 1 in Armour
   905 | D:2      | Reached skill level 1 in Shields
   905 | D:2      | Reached skill level 1 in Unarmed Combat
   905 | D:2      | Reached skill level 1 in Spellcasting
   905 | D:2      | Reached skill level 1 in Invocations
   905 | D:2      | Reached skill level 1 in Evocations
   905 | D:2      | Reached XP level 4. HP: 22/41 MP: 3/5
  1216 | D:2      | Reached skill level 1 in Conjurations
  1216 | D:2      | Reached skill level 1 in Hexes
  1216 | D:2      | Reached skill level 1 in Charms
  1216 | D:2      | Reached skill level 1 in Summonings
  1216 | D:2      | Reached skill level 1 in Necromancy
  1216 | D:2      | Reached skill level 1 in Translocations
  1216 | D:2      | Reached skill level 1 in Transmutations
  1216 | D:2      | Reached skill level 1 in Fire Magic
  1216 | D:2      | Reached skill level 1 in Ice Magic
  1216 | D:2      | Reached skill level 1 in Air Magic
  1216 | D:2      | Reached skill level 1 in Earth Magic
  1216 | D:2      | Reached skill level 1 in Poison Magic
  1356 | D:2      | Reached XP level 5. HP: 45/47 MP: 6/6
  1874 | D:3      | Noticed Ijyb
  1890 | D:3      | Killed Ijyb
  2223 | D:3      | Noticed Terence
  2233 | D:3      | Killed Terence
  2233 | D:3      | Reached XP level 6. HP: 53/53 MP: 8/8
  2489 | D:4      | Noticed Edmund
  2505 | D:4      | Killed Edmund
  2657 | D:4      | Got a pair of crude boots
  2663 | D:4      | Identified the +0 pair of boots of Contentment {rPois
                  | Regen+ rCorr} (You found it on level 4 of the Dungeon)
  2798 | D:4      | Reached XP level 7. HP: 59/59 MP: 10/10
  3110 | D:5      | Entered Level 5 of the Dungeon
  3425 | D:5      | Reached skill level 5 in Stealth
  3718 | D:6      | Noticed Grinder
  3720 | D:6      | Paralysed by Grinder for 7 turns
  3735 | D:6      | Paralysed by Grinder for 6 turns
  3749 | D:6      | Killed Grinder
  3749 | D:6      | Reached XP level 8. HP: 25/67 MP: 10/12
  3868 | D:6      | Found a staircase to the Ecumenical Temple.
  3895 | Temple   | Entered the Ecumenical Temple
  4010 | Temple   | Became a worshipper of Ashenzari the Shackled
  4010 | Temple   | Reached * piety under Ashenzari
  4010 | Temple   | Reached ** piety under Ashenzari
  4189 | D:6      | Found a shadowy altar of Dithmenos.
  4231 | D:6      | Found Musi's Jewellery Emporium.
  4671 | D:7      | Found Jannyeshri's Magic Scroll Boutique.
  4680 | D:7      | Bought a scroll of identify for 24 gold pieces
  4680 | D:7      | Bought a scroll of identify for 24 gold pieces
  4680 | D:7      | Bought a scroll of immolation for 42 gold pieces
  4684 | D:7      | Found a flagged portal.
  4710 | Bailey   | Entered a bailey
  5437 | D:6      | Reached XP level 9. HP: 58/72 MP: 14/14
  6360 | D:8      | Noticed a two-headed ogre
  6377 | D:8      | Killed a two-headed ogre
  6377 | D:8      | Reached skill level 5 in Invocations
  6377 | D:8      | Reached XP level 10. HP: 25/80 MP: 15/17
  6632 | D:8      | Learned a level 2 spell: Ensorcelled Hibernation
  6964 | D:8      | Got the long sword of Porirymp {slice, rF++ rN+ MR- Stlth+}
  6965 | D:8      | Identified the +3 long sword of Porirymp {slice, rF++ rN+
                  | MR- Stlth+} (You found it on level 8 of the Dungeon)
  7014 | D:6      | Bought the ring of the Establishment {rN+ MR+} for 358 gold
                  | pieces
  7161 | D:9      | Reached skill level 5 in Short Blades
  7161 | D:9      | Reached skill level 5 in Axes
  7161 | D:9      | Reached skill level 5 in Maces & Flails
  7161 | D:9      | Reached skill level 5 in Polearms
  7161 | D:9      | Reached skill level 5 in Staves
  7161 | D:9      | Reached skill level 5 in Slings
  7161 | D:9      | Reached skill level 5 in Bows
  7161 | D:9      | Reached skill level 5 in Crossbows
  7161 | D:9      | Reached skill level 5 in Throwing
  7161 | D:9      | Reached skill level 5 in Armour
  7161 | D:9      | Reached skill level 5 in Shields
  7161 | D:9      | Reached skill level 5 in Unarmed Combat
  7161 | D:9      | Reached skill level 5 in Spellcasting
  7161 | D:9      | Reached skill level 5 in Evocations
  7580 | D:9      | Slain by a wyvern

Skill      XL: |  1  2  3  4  5  6  7  8  9 10 |
---------------+-------------------------------+-----
Short Blades   | 1 2 3 4 5 |  5.3
Axes           | 1 2 3 4 5 |  5.3
Maces & Flails | 1 2 3 4 5 |  5.3
Polearms       | 1 2 3 4 5 |  5.3
Staves         | 1 2 3 4 5 |  5.3
Slings         | 1 2 3 4 5 |  5.3
Bows           | 1 2 3 4 5 |  5.3
Crossbows      | 1 2 3 4 5 |  5.3
Throwing       | 1 2 3 4 5 |  5.3
Armour         | 1 2 3 4 5 |  5.3
Shields        | 1 2 3 4 5 |  5.3
Unarmed Combat | 1 2 3 4 5 |  5.3
Spellcasting   | 1 2 3 4 5 |  5.3
Invocations    | 1 2 3 4 5 |  5.8
Evocations     | 1 2 3 4 5 |  5.3
Conjurations   | 1 2 3 4 |  4.3
Hexes          | 1 2 3 4 |  4.3
Charms         | 1 2 3 4 |  4.3
Summonings     | 1 2 3 4 |  4.3
Necromancy     | 1 2 3 4 |  4.3
Translocations | 1 2 3 4 |  4.3
Transmutations | 1 2 3 4 |  4.3
Fire Magic     | 1 2 3 4 |  4.3
Ice Magic      | 1 2 3 4 |  4.3
Air Magic      | 1 2 3 4 |  4.3
Earth Magic    | 1 2 3 4 |  4.3
Poison Magic   | 1 2 3 4 |  4.3
Fighting       | 7 8 |  8.5
Long Blades    | 7 8 |  8.5
Dodging        | 7 8 |  8.5
Stealth        | 5 6 |  6.8

Action                   |  1- 3 |  4- 6 |  7- 9 | 10-12 || total
-------------------------+-------+-------+-------+-------++-------
Melee: Falchion          |    57 |     1 |       |       ||    58
       Bite              |    11 |    24 |    56 |    22 ||   113
       Long sword        |       |   127 |   379 |   167 ||   673
       Punch             |       |     1 |     8 |     2 ||    11
Throw: Tomahawk          |       |       |    20 |     8 ||    28
Invok: Curse Item        |       |       |     1 |     2 ||     3
Evoke: Wand              |       |     2 |     3 |     3 ||     8
  Use: Potion            |       |       |     3 |     3 ||     6
       Scroll            |       |       |     9 |       ||     9
 Stab: Sleeping          |     5 |     5 |     9 |     3 ||    22
  Eat: Chunk             |       |     6 |    20 |     5 ||    31
Armor: Robe              |     6 |     4 |       |       ||    10
       Scale mail        |       |    30 |   147 |    54 ||   231
Dodge: Dodged            |    58 |   101 |   364 |   119 ||   642
       Rpst.: Falchion   |    20 |       |       |       ||    20
       Long sword        |       |    32 |    90 |    46 ||   168
